 Dungeon Crawl Stone Soup version 0.27-a0-1245-g940ed4fa31 (webtiles) character file.

Game seed: 8318085496445756282

288 freelancePsychic the Magician (level 6, 0/48 HPs)
             Began as a Djinni Wanderer on June 10, 2021.
             Was a Follower of Ashenzari.
             Slain by a mummy (18 damage)
             ... in an ossuary.
             The game lasted 00:07:08 (3962 turns).

freelancePsychic the Magician (Djinni Wanderer)     Turns: 3962, Time: 00:07:09

Health: 0/48       AC:  3    Str: 10    XL:     6   Next: 57%
Gold:   209        EV: 11    Int: 15    God:    Ashenzari [*.....] SH:  0 Dex: 14

rFire    + . .     SeeInvis .   g - +5 dagger (venom)
rCold    . . .     Faith    .   (no shield)
rNeg     . . .     Spirit   .   e - +1 robe of Ashenzari's Loss {Melee, Fort} (curse)
rPois    ∞         Reflect  .   (no helmet)
rElec    .         Harm     .   (no cloak)
rCorr    .         Rampage  .   (no gloves)
Will     .....                  (boots unavailable)
Stlth    ++........             (no amulet)
HPRegen  0.16/turn              k - ring "Esoteric Ethics" {Ice, Range, Evo} (curse)
MPRegen  0.00/turn              (no ring)

@: flying
A: sickness immunity, fire resistance 2, cold vulnerability 1, float, innate
caster, hp casting, extra vitality 1
a: Renounce Religion, Shatter the Chains


You were in an ossuary.
You worshipped Ashenzari.
Ashenzari was aware of your devotion.
You visited 1 branch of the dungeon, and saw 4 of its levels.
You also visited: Ossuary.

You collected 209 gold pieces.

Inventory:

Hand Weapons
 d - a +0 dagger of electrocution
 g - a +5 dagger of venom (weapon)
Armour
 b - a +2 scale mail of cold resistance
 e - the cursed +1 robe of Ashenzari's Loss (worn) {Melee, Fort}

   It has a curse which improves the following skills: Melee Combat: Short
   Blades, Long Blades, Axes, Maces & Flails, Polearms, Staves and Unarmed
   Combat.
   Fortitude: Armour and Shields.
Jewellery
 a - a ring of protection from cold
 k - the cursed ring "Esoteric Ethics" (left hand) {Ice, Range, Evo}
   (You found it on level 2 of the Dungeon)

   [ring of ice]

   It enhances your ice magic.
   It makes you vulnerable to fire.
   It protects you from cold.
   It has a curse which improves the following skills: Ranged Combat: Slings,
   Bows, Crossbows and Throwing.
   Evocations: Evocations.
Wands
 f - a wand of iceblast (10)
Scrolls
 i - a scroll of fear
 j - 2 scrolls of enchant armour
Potions
 c - a potion of lignification
 h - a potion of attraction
 l - 4 potions of heal wounds {@q2}
 m - 2 potions of curing {@q1}
 n - 2 potions of brilliance


   Skills:
 - Level 4.4 Fighting
 + Level 1.9(2.6) Short Blades
 - Level 1.0(1.5) Throwing
 - Level 1.2(1.9) Armour
 - Level 1.5 Stealth
 * Level 4.5 Spellcasting


You had 11 spell levels left.
You knew the following spells:

 Your Spells              Type           Power      Damage    Failure   Level
a - Summon Small Mammal   Summ           68%        N/A       2%          1
b - Passwall              Tmut/Erth      14%        N/A       4%          2
Your spell library was empty.

Dungeon Overview and Level Annotations

Branches:
Dungeon (4/15)             Temple (0/1) D:4         Ossuary (1/1)

Altars:
Ashenzari


Innate Abilities, Weirdness & Mutations

You are immune to sickness and miasma.
You are immune to poison.
Your flesh is very heat resistant. (rF++)
You are vulnerable to cold. (rC-)
You float through the air rather than walking.
You learn spells naturally, not from books.
Your magical power is your life essence.
You have superior vitality. (+4 HP)


Message History

m - 2 potions of curing {@q1} (gained 1)
n - 2 potions of brilliance
There is an open door here.
Found a gate leading back out of this place.
There is a gate leading back out of this place here.
You start resting.
HP restored.
A mummy comes into view.
Found 4 scrolls of blinking.
Found a scroll of summoning and 2 scrolls of identify.
The mummy hits you!
You hit the mummy.
The mummy is lightly damaged.
The mummy hits you!!
You are too injured to fight recklessly!
You are too injured to fight recklessly!
You are too injured to fight recklessly!
You are too injured to fight recklessly!
You are too injured to fight recklessly!
You are too injured to fight recklessly!
You are too injured to fight recklessly!
You are too injured to fight recklessly!
You are too injured to fight recklessly!
You are too injured to fight recklessly!
You are too injured to fight recklessly!
You are too injured to fight recklessly!
You are too injured to fight recklessly!
You are too injured to fight recklessly!
You are too injured to fight recklessly!
You are too injured to fight recklessly!
You are too injured to fight recklessly!
You are too injured to fight recklessly!
You barely miss the mummy.
The mummy is lightly damaged.
You hit the mummy but do no damage.
The mummy is lightly damaged.
You puncture the mummy!
The mummy is heavily damaged.
The mummy hits you!!
You die...

#∩. #.........∩∩........
#.. #...................
#..#....................
#.......................
#.......................
#.....##...............#
#.....##...............#
#.....M.................
#......@................
#+##.........#####......
#??#....................
#??#...........∩........
########################


You could see a mummy.

Vanquished Creatures
  2 orc priests (D:4)
  Jessica (D:3)
  Ijyb (D:3)
  An orc wizard (D:4)
  3 mummies (Ossuary)
  2 adders
  2 adder zombies (Ossuary)
  3 worms
  3 dart slugs
  3 orcs (D:4)
  7 ball pythons
  6 endoplasms
  6 goblins
  4 hobgoblins
  5 jackals
  3 quokkas
  5 bats
  3 frilled lizards
  2 gnoll zombies (Ossuary)
  3 hobgoblin zombies (Ossuary)
  A jackal skeleton (D:4)
  8 kobolds
  A kobold zombie (Ossuary)
  2 orc zombies (Ossuary)
  4 rats
  A rat zombie (Ossuary)
82 creatures vanquished.

Vanquished Creatures (collateral kills)
  A goblin (D:4)
  A hobgoblin zombie (Ossuary)
2 creatures vanquished.

Grand Total: 84 creatures vanquished

Notes
Turn   | Place    | Note
-------+----------+-------------------------------------------
     0 | D:1      | freelancePsychic the Djinni Wanderer began the quest for
                  | the Orb.
     0 | D:1      | Reached XP level 1. HP: 21/21 MP: 0/0
   258 | D:1      | Reached XP level 2. HP: 26/26 MP: 0/0
   889 | D:2      | Reached XP level 3. HP: 22/31 MP: 0/0
   889 | D:2      | Learned a level 1 spell: Summon Small Mammal
  1712 | D:2      | Found a faded altar of an unknown god.
  1723 | D:2      | Became a worshipper of Ashenzari the Shackled
  2138 | D:2      | Reached XP level 4. HP: 18/38 MP: 0/0
  2360 | D:3      | Reached * piety under Ashenzari
  2721 | D:3      | Noticed Ijyb
  2734 | D:3      | Killed Ijyb
  2735 | D:3      | Reached skill level 1 in Armour
  2735 | D:3      | Reached XP level 5. HP: 42/42 MP: 0/0
  2735 | D:3      | Learned a level 2 spell: Passwall
  2924 | D:3      | Noticed Jessica
  2931 | D:3      | Killed Jessica
  3065 | D:4      | Found a staircase to the Ecumenical Temple.
  3312 | D:4      | Reached skill level 1 in Short Blades
  3316 | D:4      | Found a sand-covered staircase.
  3317 | D:4      | Reached XP level 6. HP: 29/48 MP: 0/0
  3330 | Ossuary  | Entered an ossuary
  3962 | Ossuary  | Slain by a mummy

Illustrated notes

Levels and vault maps discovered:
D:1:      minmay_arrival_four_loops, layout_basic
D:2:      layout_loops_corners, shapermc_ecumenical_altar_notcrosses
D:3:      layout_rooms, kennysheep_generic_room_9, uniq_ijyb, uniq_jessica
D:4:      layout_basic, minmay_temple_entry_butterflies, enter_ossuary_4,
          minmay_cut_off
Ossuary:  ossuary_minmay_tomb_2a

Skill      XL: |  1  2  3  4  5 |
---------------+----------------+-----
Spellcasting   | 3 4 |  4.5
Armour         | 1 |  1.2
Short Blades   | 1 |  1.9
Fighting       | |  4.4
Throwing       | |  1.0
Stealth        | |  1.5

Action                   |  1- 3 |  4- 6 || total
-------------------------+-------+-------++-------
Melee: Dagger            |    17 |    94 ||   111
       Whip              |    83 |    44 ||   127
 Cast: Summon Small Mamm |       |     5 ||     5
Invok: Curse Item        |     1 |     2 ||     3
       Shatter the Chain |       |     1 ||     1
  Use: Scroll            |     4 |       ||     4
       Potion            |       |     4 ||     4
 Stab: Sleeping          |     6 |     1 ||     7
       Distracted        |       |     1 ||     1
Armor: Robe              |    23 |    26 ||    49
Dodge: Dodged            |    47 |    80 ||   127

Table legend: (Time is in decaauts)
 A = Elapsed time spent in this place.
 B = Non-inter-level travel time spent in this place.
 C = Inter-level travel time spent in this place.
 D = Time resting spent in this place.
 E = Time spent auto-exploring this place.
 F = Levels seen in this place.
 G = Mean time per level.
                   A        B        C        D        E       F      G
               +--------+--------+--------+--------+--------+-----+--------+
         Total |   3982 |   3934 |     48 |    745 |   2416 |   5 |  796.4 |
       Dungeon |   3349 |   3301 |     48 |    263 |   2416 |   4 |  837.2 |
       Ossuary |    632 |    632 |      0 |    482 |      0 |   1 |  632.0 |
               +--------+--------+--------+--------+--------+-----+--------+

Top non-repeatable levels by time:
     D:2: 1495 daAuts
     D:1: 860 daAuts
     D:3: 702 daAuts
 Ossuary: 632 daAuts
     D:4: 290 daAuts
